 Dungeon Crawl Stone Soup version 0.17.1-3-g152610e (webtiles) character file.

4963 kaze the Nimble (level 10, -14/147 HPs)
             Began as a Troll Berserker on Feb 19, 2016.
             Was a High Priest of Trog.
             Demolished by Erolcha
             ... wielding a +0 giant club
              (35 damage)
             ... on level 9 of the Dungeon.
             The game lasted 00:41:12 (7173 turns).

kaze the Nimble (Troll Berserker)                   Turns: 7173, Time: 00:41:12

Health: -14/147    AC: 10    Str: 35    XL:     10   Next: 28%
Magic:  3/3        EV: 14    Int:  3    God:    Trog [*****.]
Gold:   570        SH:  0    Dex: 11    Spells: 0 memorised, 9 levels left

rFire  + . .     SeeInvis .     H - +3 executioner's axe (antimagic)
rCold  . . .     Clarity  .     a - +2 animal skin
rNeg   . . .     SustAt   +     (shield currently unavailable)
rPois  .         Gourm    +     (helmet restricted)
rElec  .         Spirit   .     c - +2 cloak
rCorr  .         Warding  .     (gloves unavailable)
rMut   .         Stasis   .     (boots unavailable)
MR     .....                    G - amulet of regeneration
Stlth  ..........               q - ring of sustain attributes
                                e - ring of protection from fire

@: berserking, lethally poisoned (-14 -> -14), very quick, not resistant to
hostile enchantments, extremely unstealthy
A: unfitting armour, claws 3, agile 1, fast metabolism 3, gourmand, regeneration
2, shaggy fur 1, tough skin 2, subdued magic 1
a: Berserk, Trog's Hand, Brothers in Arms, Burn Spellbooks, Renounce Religion


You were on level 9 of the Dungeon.
You worshipped Trog.
Trog was extremely pleased with you.
You were not hungry.

You visited 1 branch of the dungeon, and saw 9 of its levels.

You collected 570 gold pieces.

Inventory:

Hand Weapons
 r - a +2 hunting sling of evasion
 w - a +0 greatsling
 x - the +4 mace of Fefawad {antimagic, rF++ MR- Int+4 SInv}
   (You found it on level 4 of the Dungeon)

   It disrupts the flow of magical energy around spellcasters and certain
   magical creatures (including the wielder).
   It affects your intelligence (+4).
   It greatly protects you from fire.
   It affects your resistance to hostile enchantments.
   It lets you see invisible.
 A - the +5 spear of Skirmishing {flame, rF+ SInv}
   (You found it on level 6 of the Dungeon)

   It has been specially enchanted to burn those struck by it, causing extra
   injury to most foes and up to half again as much damage against particularly
   susceptible opponents.
   It protects you from fire.
   It lets you see invisible.
 D - a +2 long sword of holy wrath
 H - a +3 antimagic executioner's axe (weapon)
Missiles
 s - 197 stones (quivered)
Armour
 a - a +2 animal skin (worn)
 c - a +2 cloak (worn)
Jewellery
 e - a ring of protection from fire (left claw)
 i - a +2 ring of intelligence
 q - a ring of sustain attributes (right claw)
 G - an amulet of regeneration (around neck)
Wands
 y - a wand of lightning (4)
 C - a wand of fire (5)
 E - a wand of cold (8)
Scrolls
 f - 9 scrolls of remove curse
 l - 3 scrolls of recharging
 t - 3 scrolls of teleportation
 u - 2 scrolls of blinking
 z - 2 scrolls of enchant armour
 I - a scroll of magic mapping
Potions
 h - 2 potions of haste
 j - a potion of poison {unknown}
 k - 3 potions of heal wounds
 m - a potion of cure mutation
 n - 5 potions of curing
 p - a potion of cancellation {unknown}
 v - 2 potions of ambrosia
 B - 2 potions of brilliance
Comestibles
 b - 4 bread rations
 d - 5 meat rations
 o - 3 beef jerkies
 F - 7 slices of pizza


   Skills:
 + Level 6.1 Fighting
 + Level 1.7(4.3) Axes
 + Level 5.5(5.7) Maces & Flails
 + Level 3.5(3.7) Polearms
 + Level 0.4 Slings
 + Level 9.4 Dodging
 + Level 3.6 Unarmed Combat


You had 9 spell levels left.
You didn't know any spells.

Dungeon Overview and Level Annotations

Branches:
Dungeon (9/15)             Temple (0/1) D:6
   Lair: D:8-11         Orc: D:9-12

Altars:
Ashenzari
Elyvilon
Gozag
Nemelex Xobeh
Okawaru
Qazlal
Xom
Yredelemnul
Zin
The Shining One

Annotations:
D:3 MrTails's ghost, amateur GrFi
D:9 Erolcha


Innate Abilities, Weirdness & Mutations

You are too large for most types of armour.
You have claws for hands.
Your metabolism is lightning-fast.
You like to eat raw meat.
You heal very quickly.
You are covered in fur (AC +1).
You have very tough skin (AC +2).
You are agile. (Dex +2)
Your spells are a little easier to cast, but a little less powerful.


Message History

The worker ant barely misses you. Something hits you!
* * * LOW HITPOINT WARNING * * *
The phantom misses you.
You slash the phantom!
You destroy the phantom!
You barely miss the worker ant.
The worker ant is heavily wounded.
You closely miss something. The worker ant barely misses you.
Something hits you!
* * * LOW HITPOINT WARNING * * *
The worker ant bites you.
* * * LOW HITPOINT WARNING * * *
You slash the worker ant!
You kill the worker ant!
Trog accepts your kill.
You closely miss something. Something hits you!
* * * LOW HITPOINT WARNING * * *
You are too berserk!
You closely miss something.
You feel sick. Something hits you!!
You die...

......≈≈≈......$.
......≈≈≈........
......≈≈≈.%......
#...............
##..............
.#..............
............# ..
.......{†..###..
.......@....#...
................
.................
..................
..................
..................
..................
..................
..................


There were no monsters in sight!

Vanquished Creatures
  Pikel (D:4)
  A hill giant (D:8)
  Prince Ribbit (D:8)
  A yak (D:7)
  2 steam dragons (D:6)
  Edmund (D:4)
  A human (D:7)
  An orc warrior (D:8)
  3 phantoms
  2 black bears
  5 ogres
  3 sky beasts
  3 centaurs
  3 giant frogs
  2 scorpions
  4 killer bees (D:7)
  2 crimson imps
  4 hounds
  2 centaur skeletons
  3 iguanas
  A jelly (D:6)
  8 orc wizards
  6 worker ants
  4 orc priests
  2 giant frog zombies
  Natasha (twice) (D:4)
  3 sheep (D:7)
  Robin (D:4)
  7 river rats (D:6)
  7 adders
  2 shadow imps
  3 worms
  37 orcs
  2 giant cockroaches
  6 hobgoblins
  6 kobolds
  3 quokkas
  8 bats
  3 giant geckos
  4 giant newts
  11 goblins
  5 jackals
  A jackal skeleton (D:5)
  A quokka skeleton (D:4)
  20 rats
  A fungus (D:6)
199 creatures vanquished.

Vanquished Creatures (others)
  2 jackals (D:4)
2 creatures vanquished.

Grand Total: 201 creatures vanquished

Notes
Turn   | Place    | Note
--------------------------------------------------------------
     0 | D:1      | kaze the Troll Berserker began the quest for the Orb.
     0 | D:1      | Reached XP level 1. HP: 22/22 MP: 0/0
   325 | D:1      | Reached XP level 2. HP: 23/29 MP: 1/1
  1107 | D:2      | Reached ** piety under Trog
  1161 | D:2      | Reached XP level 3. HP: 29/36 MP: 2/2
  1322 | D:3      | Noticed MrTails's ghost (amateur GrFi)
  1434 | D:3      | Found a stormy altar of Qazlal.
  1807 | D:3      | Found an opulent altar of Gozag.
  1807 | D:3      | Found a sparkling altar of Nemelex Xobeh.
  2016 | D:3      | Reached XP level 4. HP: 35/44 MP: 3/3
  2200 | D:4      | Noticed Robin
  2227 | D:4      | Killed Robin
  2267 | D:4      | Found a white marble altar of Elyvilon.
  2267 | D:4      | Found a glowing silver altar of Zin.
  2267 | D:4      | Found a glowing golden altar of the Shining One.
  2426 | D:4      | Noticed an ogre
  2436 | D:4      | Killed an ogre
  2436 | D:4      | Reached skill level 1 in Maces & Flails
  2436 | D:4      | Reached skill level 4 in Dodging
  2436 | D:4      | Reached XP level 5. HP: 53/53 MP: 4/4
  2565 | D:4      | Got a transparent mace
  2566 | D:4      | Identified the +4 mace of Fefawad {antimagic, rF++ MR- Int+4 SInv} (You found it on level 4 of the Dungeon)
  2596 | D:4      | Noticed Edmund
  2612 | D:4      | Killed Edmund
  2612 | D:4      | Reached XP level 6. HP: 61/61 MP: 1/5
  2613 | D:4      | Reached *** piety under Trog
  2793 | D:4      | Found an iron altar of Okawaru.
  2793 | D:4      | Noticed Natasha
  2805 | D:4      | Killed Natasha
  2833 | D:4      | Noticed Natasha
  2841 | D:4      | Killed Natasha
  2886 | D:4      | Noticed Pikel
  2886 | D:4      | Noticed a slave
  2886 | D:4      | Noticed a slave
  2886 | D:4      | Noticed a slave
  2886 | D:4      | Noticed a slave
  2914 | D:4      | Killed Pikel
  2914 | D:4      | Reached skill level 5 in Dodging
  2914 | D:4      | Reached XP level 7. HP: 60/68 MP: 2/6
  3000 | D:4      | Noticed a phantom
  3049 | D:4      | Killed a phantom
  3049 | D:4      | Reached skill level 6 in Dodging
  3092 | D:4      | Noticed an ogre
  3101 | D:4      | Killed an ogre
  3101 | D:4      | Reached XP level 8. HP: 78/78 MP: 2/7
  3359 | D:5      | Entered Level 5 of the Dungeon
  3836 | D:5      | Found a shattered altar of Ashenzari.
  3842 | D:5      | Found a shimmering altar of Xom.
  3842 | D:5      | Found an iron altar of Okawaru.
  4200 | D:6      | Reached skill level 7 in Dodging
  4781 | D:6      | Reached skill level 5 in Maces & Flails
  4802 | D:6      | Reached **** piety under Trog
  4828 | D:6      | Got a polished spear
  4830 | D:6      | Identified the +5 spear of Skirmishing {flame, rF+ SInv} (You found it on level 6 of the Dungeon)
  4843 | D:6      | Reached skill level 5 in Fighting
  4891 | D:6      | Reached XP level 9. HP: 81/88 MP: 8/8
  5044 | D:6      | Found a staircase to the Ecumenical Temple.
  5235 | D:6      | Reached skill level 1 in Polearms
  5243 | D:6      | Gained mutation: Your spells are a little easier to cast, but a little less powerful. [mutagenic meat]
  5244 | D:6      | Gained mutation: You are agile. (Dex +2) [mutagenic meat]
  5434 | D:6      | Reached skill level 8 in Dodging
  6042 | D:7      | Reached ***** piety under Trog
  6327 | D:7      | Received a gift from Trog
  6477 | D:8      | Found a shattered altar of Ashenzari.
  6504 | D:8      | Reached skill level 9 in Dodging
  6582 | D:8      | Found a basalt altar of Yredelemnul.
  6587 | D:8      | Reached XP level 10. HP: 98/98 MP: 3/9
  6789 | D:8      | Noticed a hill giant
  6812 | D:8      | Killed a hill giant
  6835 | D:8      | Reached skill level 1 in Axes
  6863 | D:8      | Noticed Prince Ribbit
  6874 | D:8      | Killed Prince Ribbit
  7159 | D:9      | Noticed Erolcha
  7173 | D:9      | Demolished by Erolcha

Action                   |  1- 3 |  4- 6 |  7- 9 | 10-12 || total
-------------------------+-------+-------+-------+-------++-------
Melee: Unarmed           |    38 |       |       |       ||    38
       Mace              |    83 |    40 |   168 |       ||   291
       Flail             |     5 |    33 |       |       ||    38
       Spear             |       |       |   260 |       ||   260
       Executioner's axe |       |       |    12 |    41 ||    53
 Fire: Hunting sling     |     5 |     2 |       |       ||     7
Invok: Berserk           |       |     5 |     9 |     2 ||    16
       Burn Spellbooks   |       |     1 |     1 |       ||     2
       Trog's Hand       |       |       |     1 |       ||     1
  Use: Scroll            |     1 |     4 |     6 |     8 ||    19
  Eat: Chunk             |    23 |    11 |    36 |     4 ||    74
       Bread ration      |       |       |     2 |     1 ||     3
